 Dungeon Crawl Stone Soup version 0.28.0 (webtiles) character file.

Game seed: 17092419726446365001

2551 SnakkuSnakku7 the Martial Artist (level 9, 0/68 HPs)
             Began as a Vampire Fire Elementalist on Feb 14, 2022.
             Was a Believer of Fedhas.
             Slain by a hellwing (1 damage)
             ... summoned by a kobold demonologist
             ... on level 6 of the Dungeon.
             The game lasted 00:10:59 (6098 turns).

SnakkuSnakku7 the Martial Artist (VpFE)             Turns: 6098, Time: 00:10:59

Health: 0/68       AC: -2    Str: 11    XL:     9   Next: 31%
Magic:  12/12      EV: 11    Int: 18    God:    Fedhas [**....]
Gold:   293        SH:  0    Dex: 20    Spells: 11/12 levels left

rFire   . . .      SeeInvis +     - Unarmed
rCold   . . .      Faith    .   (no shield)
rNeg    . . .      Spirit   .   b - +0 ring mail
rPois   .          Reflect  .   (no helmet)
rElec   .          Harm     .   n - scarf {repulsion}
rCorr   .          Rampage  .   (no gloves)
Will    .....                   m - +0 pair of boots
Stlth   ++........              (no amulet)
HPRegen 0.41/turn               r - +6 ring of dexterity
MPRegen 0.13/turn               f - ring of flight

@: lethally poisoned (0 -> -11), weakened, corroded, flying, healing quickly,
repel missiles
A: alive, fangs 3, see invisible, vampiric 2
a: Exsanguinate, Renounce Religion, Wall of Briars


You were on level 6 of the Dungeon.
You worshipped Fedhas.
Fedhas was pleased with you.
You visited 2 branches of the dungeon, and saw 7 of its levels.

You collected 293 gold pieces.

Inventory:

Missiles
 p - 6 poisoned darts (quivered)
Armour
 a - a +0 robe
 b - a +0 ring mail (worn)
 m - a +0 pair of boots (worn)
 n - a scarf of repulsion (worn)
 A - a +0 helmet
Jewellery
 f - a ring of flight (right hand)
 r - a +6 ring of dexterity (left hand)
Wands
 u - a wand of charming (8)
 x - a wand of polymorph (10)
Scrolls
 c - 2 scrolls of silence {unknown}
 d - a scroll of vulnerability {unknown}
 e - a scroll of fear
 i - a scroll of magic mapping
 j - a scroll of blinking {unknown}
 k - a scroll of teleportation {unknown}
 o - a scroll of torment {unknown}
 v - a scroll of enchant armour {unknown}
 y - 2 scrolls of amnesia {unknown}
 z - a scroll of fog {unknown}
Potions
 g - a potion of lignification
 h - 3 potions of ambrosia
 l - a potion of brilliance
 q - 2 potions of heal wounds
 s - 2 potions of curing
 t - 3 potions of mutation
 w - a potion of magic {unknown}


   Skills:
 + Level 5.4 Fighting
 - Level 2.1 Dodging
 - Level 3.0 Stealth
 - Level 12.0 Unarmed Combat
 - Level 2.0 Spellcasting
 - Level 0.6 Conjurations
 - Level 2.4 Fire Magic


You had 11 spell levels left.
You knew the following spells:

 Your Spells              Type           Power      Damage    Failure   Level
a - Foxfire               Conj/Fire      28%        2x1d5     24%         1

Your spell library contained the following spells:

 Spells                   Type           Power      Damage    Failure   Level
 Scorch                   Fire           20%        2d6       26%         2
 Magic Dart               Conj           12%        1d3       34%         1
 Slow                     Hex            4%         N/A       41%         1
 Call Imp                 Summ           1%         N/A       54%         2
 Conjure Flame            Conj/Fire      7%         6-21      56%         3
 Inner Flame              Hex/Fire       6%         N/A       63%         3
 Mephitic Cloud           Conj/Pois/Air  2%         N/A       77%         3
 Confusing Touch          Hex            1%         N/A       78%         3
 Gell's Gravitas          Tloc           1%         N/A       78%         3
 Lesser Beckoning         Tloc           1%         N/A       78%         3
 Ozocubu's Armour         Ice            1%         N/A       78%         3
 Teleport Other           Tloc           1%         N/A       78%         3
 Vampiric Draining        Necr           1%         2d6       78%         3
 Flame Wave               Conj/Fire      7%         2d5       93%         4
 Ozocubu's Refrigeration  Ice            0%         4d5       100%        7


Dungeon Overview and Level Annotations

Branches:
Dungeon (6/15)             Temple (1/1) D:4

Altars:
Ashenzari
Dithmenos
Elyvilon
Fedhas
Gozag
Kikubaaqudgha
Makhleb
Nemelex Xobeh
Okawaru
Ru
Sif Muna
Uskayaw
Vehumet
Yredelemnul
The Shining One

Annotations:
D:2 Natasha
D:4 Grinder


Innate Abilities, Weirdness & Mutations

Your natural rate of healing is accelerated.
You have razor-sharp teeth.
You have supernaturally acute eyesight. (SInv)
You are afflicted with vampirism and can become a bat while bloodless.


Message History

The kobold demonologist is almost dead.
The kobold demonologist casts a spell.
The rust devil hits you. The rust devil corrodes you!
You barely miss the kobold demonologist.
The kobold demonologist is almost dead.
The kobold demonologist casts a spell.
The rust devil hits you! The rust devil corrodes you!
Unknown command.
The orange demon closely misses you. The orange demon barely misses you.
The kobold demonologist barely misses you.
Unknown command.
Okay, then.
As you read the scroll of fear, it crumbles to dust.
You assume a fearsome visage.
The kobold demonologist looks frightened!
The rust devil looks frightened!
The orange demon easily resists.
The hellwing resists with some effort.
The orange demon stings you. The orange demon hits you!
You feel your attacks grow feeble.
The kobold demonologist gestures wildly while chanting.
You barely miss the kobold demonologist.
Your bite misses the kobold demonologist.
The kobold demonologist is almost dead.
The orange demon stings you.
You are poisoned.
The orange demon poisons you! The orange demon hits you.
Cornered, the rust devil turns to fight!
Unknown command.
Unknown command.
You feel very sick. The crimson imp closely misses you.
The orange demon stings you from afar! The rust devil misses you.
Unknown command.
Found 19 gold pieces.
You feel very sick. The crimson imp closely misses you. The hellwing hits you!
* * * LOW HITPOINT WARNING * * *
The hellwing hits you.
You die...
Fedhas appreciates your contribution to the ecosystem.

...## #............# ##.##. ....#
#..##.#.#.##..# #.(... ###.#
####.########.# #####.....
.#..###......#.#.#.## #.........
#.#..#...#.####.#.## #.........
###......#...#.##### #.........
........#....##4#.$# #.........
#.#..........#4.#K###..#.........
#............##5@4....##.........
###....##.....##########.........
#######.............######.....
###########...# #..... #...#
#..... #...# #..... ##### ##....
##... ####


You could see an orange demon (summoned), a hellwing (summoned), a rust devil
(summoned), a kobold demonologist (fleeing) and a crimson imp (summoned).

Vanquished Creatures
  5 yaks
  A water moccasin (D:5)
  3 necrophages
  A sky beast (D:6)
  3 ogres
  A centaur (D:5)
  2 phantoms
  3 water moccasin zombies (D:5)
  2 centaur zombies (D:5)
  A jelly (D:5)
  3 bullfrog zombies (D:5)
  A hound (D:6)
  An orc priest (D:5)
  Crazy Yiuf (D:6)
  A bullfrog skeleton (D:5)
  2 centaur skeletons
  3 iguanas
  Terence (D:2)
  A hound skeleton (D:4)
  2 howler monkey zombies (D:5)
  7 adders
  A shadow imp (D:6)
  2 ufetubi
  An adder zombie (D:5)
  A worm (D:3)
  An adder skeleton (D:4)
  4 dart slugs
  23 orcs
  5 ball pythons
  10 bats
  5 endoplasms
  6 giant cockroaches
  7 goblins
  4 hobgoblins
  10 jackals
  9 kobolds
  6 quokkas
  A frilled lizard (D:1)
  5 rats
146 creatures vanquished.

Vanquished Creatures (others)
  22 foxfires
22 creatures vanquished.

Grand Total: 168 creatures vanquished

Notes
Turn   | Place    | Note
-------+----------+-------------------------------------------
     0 | D:1      | SnakkuSnakku7 the Vampire Fire Elementalist began the quest
                  | for the Orb.
     0 | D:1      | Reached XP level 1. HP: 13/13 MP: 3/3
   103 | D:1      | Reached skill level 1 in Unarmed Combat
   177 | D:1      | Reached XP level 2. HP: 8/19 MP: 5/5
   180 | D:1      | Reached skill level 2 in Unarmed Combat
   402 | D:1      | Reached skill level 3 in Unarmed Combat
   410 | D:1      | Gained mutation: You are afflicted with vampirism and can
                  | become a bat while bloodless. [Vampire growth]
   410 | D:1      | Reached XP level 3. HP: 24/24 MP: 6/6
   784 | D:2      | Noticed Natasha
   841 | D:2      | Noticed Terence
   890 | D:2      | Killed Terence
   891 | D:2      | Reached skill level 4 in Unarmed Combat
   891 | D:2      | Reached XP level 4. HP: 4/30 MP: 7/7
  1941 | D:3      | Reached skill level 5 in Unarmed Combat
  2127 | D:3      | Reached XP level 5. HP: 35/35 MP: 8/8
  2264 | D:3      | Found an opulent altar of Gozag.
  2329 | D:3      | Found a faded altar of an unknown god.
  2862 | D:4      | Noticed an ogre
  3042 | D:4      | Noticed a phantom
  3061 | D:4      | Killed a phantom
  3176 | D:4      | Reached XP level 6. HP: 43/44 MP: 9/9
  3185 | D:4      | Found a staircase to the Ecumenical Temple.
  3243 | Temple   | Entered the Ecumenical Temple
  3302 | Temple   | Became a worshipper of Fedhas Madash
  3657 | D:4      | Noticed Grinder
  3977 | D:5      | Entered Level 5 of the Dungeon
  3989 | D:5      | Reached skill level 6 in Unarmed Combat
  4006 | D:5      | Noticed a water moccasin
  4063 | D:4      | Reached skill level 7 in Unarmed Combat
  4103 | D:5      | Reached XP level 7. HP: 41/45 MP: 10/10
  4237 | D:5      | Reached skill level 8 in Unarmed Combat
  4344 | D:5      | Reached skill level 9 in Unarmed Combat
  4480 | D:5      | Reached XP level 8. HP: 50/56 MP: 11/11
  4510 | D:5      | Reached skill level 10 in Unarmed Combat
  4512 | D:5      | Reached * piety under Fedhas
  4877 | D:5      | Reached skill level 11 in Unarmed Combat
  5390 | D:6      | Found a runed translucent door.
  5391 | D:6      | Noticed Crazy Yiuf
  5398 | D:6      | Killed Crazy Yiuf
  5572 | D:5      | Reached skill level 12 in Unarmed Combat
  5579 | D:5      | Reached XP level 9. HP: 25/64 MP: 12/12
  5852 | D:6      | Reached skill level 5 in Fighting
  5979 | D:6      | Reached ** piety under Fedhas
  6082 | D:6      | Noticed a kobold demonologist
  6091 | D:6      | Noticed a rust devil
  6094 | D:6      | Noticed a hellwing
  6094 | D:6      | Noticed an orange demon
  6098 | D:6      | HP: 1/68 [hellwing[a kobold demonologist] (17)]
  6098 | D:6      | Slain by a hellwing

Illustrated notes

Levels and vault maps discovered:
D:1:      eino_arrival_cavern_b, layout_rooms
D:2:      layout_basic, corexii_hall_statues_t, uniq_terence, uniq_natasha
D:3:      layout_loops_cross, nicolae_gozag_cash_rules_everything_around_me,
          dreamdust_ecumenical_altar_hidden_monk_grotto, grunt_decor_clamped,
          skrybe_limestone_x, wad_rectangle_vault
D:4:      layout_loops_ring, temple_fountains, kennysheep_potato, uniq_grinder
D:5:      layout_rooms, mainiacjoe_overflow_small_starburst, serial_undead,
          serial_undead_a, serial_undead_c, serial_undead_c, serial_undead_a
D:6:      layout_rooms, minmay_misc_feat_tiny, minmay_small_thing,
          uniq_crazy_yiuf_cottage
Temple:   nicolae_temple_god_jail

Skill      XL: |  1  2  3  4  5  6  7  8  9 |
---------------+----------------------------+-----
Unarmed Combat | 1 3 4 5 7 9 12 | 12.0
Fighting       | 2 3 5 |  5.4
Dodging        | |  2.1
Stealth        | |  3.0
Spellcasting   | |  2.0
Conjurations   | |  0.6
Fire Magic     | |  2.4

Action                   |  1- 3 |  4- 6 |  7- 9 || total
-------------------------+-------+-------+-------++-------
Melee: Unarmed           |   152 |   302 |   245 ||   699
       Bite              |    16 |    30 |    39 ||    85
       Punch             |     5 |     9 |    27 ||    41
Throw: Dart              |       |       |    16 ||    16
 Cast: Foxfire           |    11 |       |     1 ||    12
 Abil: Exsanguinate      |       |     1 |       ||     1
       Revivify          |       |     1 |       ||     1
  Use: Potion            |     2 |       |       ||     2
       Scroll            |       |       |     9 ||     9
 Stab: Sleeping          |     3 |     4 |       ||     7
Armor: Robe              |    37 |     5 |       ||    42
       Skin              |     3 |       |       ||     3
       Ring mail         |       |   115 |    68 ||   183
Dodge: Dodged            |    98 |   179 |   127 ||   404
